| Goals | Penalties |
No Goal
|
No Penalty
|
No Goal
|
Jarred Tinordi (CLB) for Holding (Minor) at 1:33 Kyle Capobianco (MTL) for Tripping (Minor) at 16:31
|
1. Monsters , Max Sasson 5 (Matvey Petrov 4, Chad Ruhwedel 4) at 7:46 (SH)
2. Rocket , Nate Danielson 3 (Logan Mailloux 8) at 19:26
|
Kevin Gravel (CLB) for Hooking (Minor) at 6:31
|
3. Monsters , Matvey Petrov 5 (Max Sasson 6) at 0:04
|
No Penalty
|
|
Dustin Tokarski (MTL), 16 saves from 18 shots - (0,889), OTL, 7-3-1, 59:42 minutes
Louis Domingue (CLB), 11 saves from 12 shots - (0,917), W, 7-2-6, 60:04 minutes
|
|
1 - Matvey Petrov (CLB)
2 - Max Sasson (CLB)
3 - Nate Danielson (MTL)
|
Referees : Jenn Berezowski and Frederick L'Ecuyer
Linesman : Jonny Murray and Ali Beres
|
|
| No Game Note
|
| Team Name |
Goals |
Shots |
Shots Attemp |
Shots Blocked |
PIM |
HIT |
PP |
PK |
FO% |
| Rocket |
1 | 12 | 22 | 7 | 2 | 22 | 0 / 2 (0%) | 0 | 65% |
| Monsters |
2 | 18 | 35 | 2 | 4 | 17 | 0 / 1 (0%) | 0 | 35% |
Rocket
| Player Name |
POS |
G |
A |
P |
+/- |
PIM |
HIT |
SHT |
SB |
MP |
PP MP |
PP SHT |
PK MP |
PK SHT |
FO% |
FOT |
GA |
TA |
| Antonio Stranges | LW | 0 | 0 | 0 | 0 | 0 | 2 | 0 | 0 | 14:04 | 0:00 | 0 | 0:08 | 0 | 0% |
0 | 0 | 0 |
| Arshdeep Bains | LW | 0 | 0 | 0 | -1 | 0 | 1 | 0 | 1 | 21:51 | 1:39 | 0 | 0:56 | 0 | 57% |
7 | 0 | 0 |
| Cameron Hughes | C | 0 | 0 | 0 | -1 | 0 | 0 | 0 | 0 | 18:13 | 0:34 | 0 | 0:32 | 0 | 50% |
2 | 0 | 1 |
| Christian Kyrou | D | 0 | 0 | 0 | -2 | 0 | 1 | 0 | 0 | 20:31 | 1:23 | 0 | 0:56 | 0 | 0% |
0 | 0 | 0 |
| Helge Grans | D | 0 | 0 | 0 | 0 | 0 | 0 | 0 | 0 | 8:48 | 0:00 | 0 | 0:00 | 0 | 0% |
0 | 0 | 0 |
| Jack Finley | C | 0 | 0 | 0 | -1 | 0 | 4 | 0 | 0 | 18:21 | 2:34 | 0 | 0:37 | 0 | 25% |
4 | 0 | 0 |
| Jeremie Poirier | D | 0 | 0 | 0 | 1 | 0 | 1 | 0 | 0 | 17:24 | 0:00 | 0 | 0:00 | 0 | 0% |
0 | 0 | 1 |
| Kevin Korchinski | D | 0 | 0 | 0 | 0 | 0 | 0 | 0 | 0 | 12:40 | 0:41 | 0 | 0:56 | 0 | 0% |
0 | 0 | 0 |
| Kyle Capobianco | D | 0 | 0 | 0 | 0 | 2 | 0 | 0 | 1 | 15:16 | 0:00 | 0 | 0:00 | 0 | 0% |
0 | 0 | 3 |
| Logan Mailloux | D | 0 | 1 | 1 | 0 | 0 | 2 | 0 | 2 | 26:04 | 3:04 | 0 | 1:03 | 0 | 0% |
0 | 1 | 0 |
| Matthew Robertson | D | 0 | 0 | 0 | 0 | 0 | 0 | 0 | 0 | 0:22 | 0:00 | 0 | 0:00 | 0 | 0% |
0 | 0 | 0 |
| Nate Danielson | C | 1 | 0 | 1 | 1 | 0 | 3 | 5 | 0 | 18:58 | 2:09 | 2 | 0:00 | 0 | 91% |
11 | 0 | 0 |
| Nikolai Kovalenko | RW | 0 | 0 | 0 | 0 | 0 | 0 | 1 | 0 | 17:25 | 0:10 | 0 | 0:00 | 0 | 43% |
7 | 0 | 0 |
| Nolan Foote | LW/RW | 0 | 0 | 0 | 0 | 0 | 3 | 2 | 1 | 21:45 | 0:54 | 0 | 0:48 | 0 | 100% |
1 | 1 | 0 |
| Sam Poulin | RW | 0 | 0 | 0 | 1 | 0 | 2 | 0 | 0 | 6:05 | 0:00 | 0 | 0:00 | 0 | 0% |
0 | 0 | 0 |
| Samu Tuomaala | RW | 0 | 0 | 0 | -1 | 0 | 1 | 0 | 1 | 17:31 | 1:45 | 0 | 0:00 | 0 | 0% |
0 | 0 | 1 |
| Thomas Bordeleau | C/LW/RW | 0 | 0 | 0 | 0 | 0 | 1 | 2 | 0 | 21:38 | 2:09 | 0 | 0:57 | 0 | 100% |
2 | 0 | 1 |
| Tristan Luneau | D | 0 | 0 | 0 | 0 | 0 | 1 | 2 | 1 | 21:16 | 2:48 | 0 | 1:03 | 0 | 0% |
0 | 0 | 0 |
Monsters
| Player Name |
POS |
G |
A |
P |
+/- |
PIM |
HIT |
SHT |
SB |
MP |
PP MP |
PP SHT |
PK MP |
PK SHT |
FO% |
FOT |
GA |
TA |
| Chad Ruhwedel | D | 0 | 1 | 1 | 0 | 0 | 0 | 0 | 0 | 18:54 | 0:49 | 0 | 1:40 | 0 | 0% |
0 | 2 | 0 |
| Fraser Minten | C | 0 | 0 | 0 | 0 | 0 | 1 | 0 | 0 | 17:03 | 0:00 | 0 | 0:00 | 0 | 43% |
7 | 0 | 1 |
| Gabriel Fortier | LW | 0 | 0 | 0 | -1 | 0 | 1 | 1 | 0 | 21:37 | 1:00 | 0 | 2:26 | 0 | 50% |
2 | 1 | 0 |
| Ian Mitchell | D | 0 | 0 | 0 | 0 | 0 | 0 | 0 | 0 | 10:59 | 0:00 | 0 | 1:01 | 0 | 0% |
0 | 0 | 0 |
| Jack Ahcan | D | 0 | 0 | 0 | 0 | 0 | 0 | 0 | 0 | 10:08 | 0:00 | 0 | 0:10 | 0 | 0% |
0 | 0 | 0 |
| Jack Studnicka | C/RW | 0 | 0 | 0 | -1 | 0 | 1 | 3 | 0 | 19:08 | 1:00 | 0 | 0:00 | 0 | 0% |
1 | 2 | 0 |
| Jarred Tinordi | D | 0 | 0 | 0 | 0 | 2 | 0 | 1 | 0 | 21:00 | 1:10 | 0 | 1:07 | 0 | 0% |
0 | 0 | 0 |
| Jaycob Megna | D | 0 | 0 | 0 | 0 | 0 | 2 | 0 | 1 | 20:47 | 1:10 | 0 | 2:18 | 0 | 0% |
0 | 0 | 0 |
| Jayson Megna | C | 0 | 0 | 0 | 0 | 0 | 1 | 3 | 0 | 20:15 | 0:59 | 0 | 0:51 | 0 | 15% |
13 | 0 | 0 |
| Jonathan Gruden | C/LW | 0 | 0 | 0 | 0 | 0 | 1 | 1 | 0 | 19:48 | 0:59 | 0 | 0:51 | 0 | 0% |
0 | 0 | 0 |
| Kevin Gravel | D | 0 | 0 | 0 | 1 | 2 | 0 | 0 | 0 | 13:12 | 0:00 | 0 | 0:00 | 0 | 0% |
0 | 0 | 0 |
| Matthew Phillips | RW | 0 | 0 | 0 | 0 | 0 | 3 | 2 | 0 | 16:59 | 0:59 | 0 | 0:00 | 0 | 0% |
0 | 0 | 0 |
| Matvey Petrov | LW | 1 | 1 | 2 | 2 | 0 | 3 | 2 | 0 | 16:50 | 0:00 | 0 | 0:41 | 1 | 0% |
0 | 0 | 0 |
| Max Sasson | C | 1 | 1 | 2 | 2 | 0 | 1 | 4 | 1 | 17:04 | 0:00 | 0 | 0:45 | 1 | 75% |
4 | 1 | 0 |
| Mikko Kokkonen | D | 0 | 0 | 0 | 0 | 0 | 0 | 0 | 0 | 0:17 | 0:00 | 0 | 0:00 | 0 | 0% |
0 | 0 | 0 |
| Spencer Stastney | D | 0 | 0 | 0 | 0 | 0 | 0 | 0 | 0 | 18:48 | 0:49 | 0 | 1:40 | 0 | 0% |
0 | 0 | 0 |
| Tyler Pitlick | C/RW | 0 | 0 | 0 | -1 | 0 | 3 | 1 | 0 | 22:28 | 1:00 | 0 | 2:22 | 0 | 43% |
7 | 1 | 1 |
| William Lagesson | D | 0 | 0 | 0 | 0 | 0 | 0 | 0 | 0 | 10:55 | 0:00 | 0 | 0:00 | 0 | 0% |
0 | 0 | 0 |
Rocket
| 5 vs 5 Forward |
|---|
| Line # | Left Wing | Center | Right Wing | PHY | DF | OF | Wanted % | Time % | Time Play |
| 1 | Arshdeep Bains | Nikolai Kovalenko | Thomas Bordeleau | 0 | 2 | 3 | 40 | 30% | 16:03
|
| 2 | Arshdeep Bains | Jack Finley | Samu Tuomaala | 1 | 1 | 3 | 30 | 33% | 17:49
|
| 3 | Nolan Foote | Arshdeep Bains | Thomas Bordeleau | 0 | 3 | 2 | 20 | 9% | 4:42
|
| 4 | Cameron Hughes | Nate Danielson | Nolan Foote | 3 | 2 | 0 | 10 | 28% | 14:47
|
| 5 vs 5 Defense |
|---|
| Line # | Defense | Defense | | PHY | DF | OF | Wanted % | Time % | Time Play |
| 1 | Jeremie Poirier | Logan Mailloux | | 1 | 2 | 2 | 40 | 33% | 17:33
|
| 2 | Tristan Luneau | Logan Mailloux | | 1 | 2 | 2 | 30 | 26% | 14:01
|
| 3 | Christian Kyrou | Kyle Capobianco | | 1 | 2 | 2 | 20 | 26% | 13:50
|
| 4 | Helge Grans | Logan Mailloux | | 1 | 2 | 2 | 10 | 15% | 7:57
|
| Power Play Forward |
|---|
| Line # | Left Wing | Center | Right Wing | PHY | DF | OF | Wanted % | Time % | Time Play |
| 1 | Jack Finley | Nate Danielson | Thomas Bordeleau | 1 | 2 | 2 | 60 | 58% | 2:19
|
| 2 | Arshdeep Bains | Jack Finley | Samu Tuomaala | 1 | 2 | 2 | 40 | 42% | 1:39
|
| Power Play Defense |
|---|
| Line # | Defense | Defense | | PHY | DF | OF | Wanted % | Time % | Time Play |
| 1 | Tristan Luneau | Logan Mailloux | | 1 | 2 | 2 | 60 | 100% | 3:58
|
| 2 | Tristan Luneau | Logan Mailloux | | 1 | 2 | 2 | 40 | 0% | 0:00
|
| Penalty Kill 4 Players Forward |
|---|
| Line # | Center | Wing | PHY | DF | OF | Wanted % | Time % | Time Play |
| 1 | Thomas Bordeleau | Arshdeep Bains | 1 | 2 | 2 | 60 | 100% | 1:59
|
| 2 | Jack Finley | Arshdeep Bains | 1 | 2 | 2 | 40 | 0% | 0:00
|
| Penalty Kill 4 Players Defense |
|---|
| Line # | Defense | Defense | PHY | DF | OF | Wanted % | Time % | Time Play |
| 1 | Tristan Luneau | Logan Mailloux | 1 | 2 | 2 | 60 | 100% | 1:59
|
| 2 | Tristan Luneau | Logan Mailloux | 1 | 2 | 2 | 40 | 0% | 0:00
|
| Penalty Kill 3 Players |
|---|
| Line # | Wing | PHY | DF | OF | Wanted % | Time % | Time Play | Defense | Defense | PHY | DF | OF | Wanted % | Time % | Time Play |
| 1 | Thomas Bordeleau | 1 | 2 | 2 | 60 | 0% | 0:00
| Tristan Luneau | Logan Mailloux | 1 | 2 | 2 | 60 | 0% | 0:00
|
| 2 | Jack Finley | 1 | 2 | 2 | 40 | 0% | 0:00
| Tristan Luneau | Logan Mailloux | 1 | 2 | 2 | 40 | 0% | 0:00
|
| 4 vs 4 Forward |
|---|
| Line # | Center | Wing | PHY | DF | OF | Wanted % | Time % | Time Play |
| 1 | Thomas Bordeleau | Jack Finley | 1 | 2 | 2 | 60 | 0% | 0:00
|
| 2 | Jack Finley | Arshdeep Bains | 1 | 2 | 2 | 40 | 0% | 0:00
|
| 4 vs 4 Defense |
|---|
| Line # | Defense | | PHY | DF | OF | Wanted % | Time % | Time Play |
| 1 | Jeremie Poirier | Logan Mailloux | 1 | 2 | 2 | 60 | 0% | 0:00
|
| 2 | Tristan Luneau | Logan Mailloux | 1 | 2 | 2 | 40 | 0% | 0:00
|
| Last Minutes Offensive |
|---|
| Left Wing | Center | Right Wing | Defense | Defense |
| Nikolai Kovalenko | Nate Danielson | Thomas Bordeleau | Jeremie Poirier | Logan Mailloux |
| Last Minutes Defensive |
|---|
| Left Wing | Center | Right Wing | Defense | Defense |
| Arshdeep Bains | Nikolai Kovalenko | Thomas Bordeleau | Jeremie Poirier | Logan Mailloux |
| Time |
|---|
| Total Forward | Total Defense | Last Minutes Offensive | Last Minutes Defensive |
| 60:00 |
60:00 |
0:42 | 0:00 |
| Extra Forwards |
|---|
| Normal | PowerPlay | Penalty Kill |
|
Jack Finley, Samu Tuomaala, Antonio Stranges | Jack Finley, Samu Tuomaala | Jack Finley |
| Extra Defensemen |
|---|
| Normal | PowerPlay | Penalty Kill |
|
Logan Mailloux, Christian Kyrou, Tristan Luneau | Logan Mailloux, Logan Mailloux | Christian Kyrou |
| Penalty Shots |
|---|
|
Thomas Bordeleau, Samu Tuomaala, Arshdeep Bains, Nolan Foote, Jack Finley |
| Goalie |
|---|
| Dustin Tokarski, Parker Gahagen |
| Scratches |
|---|
|
Nathan Gaucher (Healthy), Jordan Dumais (Healthy), Liam Ohgren (Broken Bone (Right Foot) Injury), Luke Tuch (Healthy), Otto Stenberg (Healthy)
Parker Bell (Healthy), Rutger McGroarty (Healthy), Sandis Vilmanis (Healthy), Stian Solberg (Healthy), Shane Bowers (Healthy)
Noel Gunler (Healthy), Mark Sinclair (Healthy) |
Monsters
| 5 vs 5 Forward |
|---|
| Line # | Left Wing | Center | Right Wing | PHY | DF | OF | Wanted % | Time % | Time Play |
| 1 | Gabriel Fortier | Fraser Minten | Jack Studnicka | 1 | 2 | 2 | 40 | 31% | 16:31
|
| 2 | Jonathan Gruden | Jayson Megna | Tyler Pitlick | 1 | 2 | 2 | 30 | 39% | 20:58
|
| 3 | Matvey Petrov | Max Sasson | Matthew Phillips | 1 | 2 | 2 | 20 | 26% | 13:49
|
| 4 | Gabriel Fortier | Tyler Pitlick | Jack Studnicka | 1 | 2 | 2 | 10 | 5% | 2:29
|
| 5 vs 5 Defense |
|---|
| Line # | Defense | Defense | | PHY | DF | OF | Wanted % | Time % | Time Play |
| 1 | Jaycob Megna | Jarred Tinordi | | 1 | 2 | 2 | 40 | 31% | 16:40
|
| 2 | Chad Ruhwedel | Spencer Stastney | | 1 | 2 | 2 | 30 | 32% | 17:01
|
| 3 | Kevin Gravel | William Lagesson | | 1 | 2 | 2 | 20 | 20% | 10:50
|
| 4 | Ian Mitchell | Jack Ahcan | | 1 | 2 | 2 | 10 | 17% | 9:16
|
| Power Play Forward |
|---|
| Line # | Left Wing | Center | Right Wing | PHY | DF | OF | Wanted % | Time % | Time Play |
| 1 | Gabriel Fortier | Jack Studnicka | Tyler Pitlick | 1 | 2 | 2 | 60 | 50% | 1:00
|
| 2 | Jonathan Gruden | Jayson Megna | Matthew Phillips | 1 | 2 | 2 | 40 | 50% | 0:59
|
| Power Play Defense |
|---|
| Line # | Defense | Defense | | PHY | DF | OF | Wanted % | Time % | Time Play |
| 1 | Jaycob Megna | Jarred Tinordi | | 1 | 2 | 2 | 60 | 59% | 1:10
|
| 2 | Chad Ruhwedel | Spencer Stastney | | 1 | 2 | 2 | 40 | 41% | 0:49
|
| Penalty Kill 4 Players Forward |
|---|
| Line # | Center | Wing | PHY | DF | OF | Wanted % | Time % | Time Play |
| 1 | Tyler Pitlick | Gabriel Fortier | 1 | 2 | 2 | 60 | 79% | 3:07
|
| 2 | Jayson Megna | Jonathan Gruden | 1 | 2 | 2 | 40 | 21% | 0:51
|
| Penalty Kill 4 Players Defense |
|---|
| Line # | Defense | Defense | PHY | DF | OF | Wanted % | Time % | Time Play |
| 1 | Jaycob Megna | Jarred Tinordi | 1 | 2 | 2 | 60 | 58% | 2:18
|
| 2 | Chad Ruhwedel | Spencer Stastney | 1 | 2 | 2 | 40 | 42% | 1:40
|
| Penalty Kill 3 Players |
|---|
| Line # | Wing | PHY | DF | OF | Wanted % | Time % | Time Play | Defense | Defense | PHY | DF | OF | Wanted % | Time % | Time Play |
| 1 | Tyler Pitlick | 1 | 2 | 2 | 60 | 0% | 0:00
| Jaycob Megna | Jarred Tinordi | 1 | 2 | 2 | 60 | 0% | 0:00
|
| 2 | Jayson Megna | 1 | 2 | 2 | 40 | 0% | 0:00
| Chad Ruhwedel | Spencer Stastney | 1 | 2 | 2 | 40 | 0% | 0:00
|
| 4 vs 4 Forward |
|---|
| Line # | Center | Wing | PHY | DF | OF | Wanted % | Time % | Time Play |
| 1 | Tyler Pitlick | Gabriel Fortier | 1 | 2 | 2 | 60 | 0% | 0:00
|
| 2 | Jayson Megna | Jonathan Gruden | 1 | 2 | 2 | 40 | 0% | 0:00
|
| 4 vs 4 Defense |
|---|
| Line # | Defense | | PHY | DF | OF | Wanted % | Time % | Time Play |
| 1 | Jaycob Megna | Jarred Tinordi | 1 | 2 | 2 | 60 | 0% | 0:00
|
| 2 | Chad Ruhwedel | Spencer Stastney | 1 | 2 | 2 | 40 | 0% | 0:00
|
| Last Minutes Offensive |
|---|
| Left Wing | Center | Right Wing | Defense | Defense |
| Gabriel Fortier | Tyler Pitlick | Jack Studnicka | Jaycob Megna | Jarred Tinordi |
| Last Minutes Defensive |
|---|
| Left Wing | Center | Right Wing | Defense | Defense |
| Gabriel Fortier | Tyler Pitlick | Jack Studnicka | Jaycob Megna | Jarred Tinordi |
| Time |
|---|
| Total Forward | Total Defense | Last Minutes Offensive | Last Minutes Defensive |
| 60:00 |
60:00 |
0:00 | 0:16 |
| Extra Forwards |
|---|
| Normal | PowerPlay | Penalty Kill |
|
Max Sasson, Fraser Minten, Gabriel Fortier | Max Sasson, Fraser Minten | Max Sasson |
| Extra Defensemen |
|---|
| Normal | PowerPlay | Penalty Kill |
|
Ian Mitchell, Jack Ahcan, Mikko Kokkonen | Ian Mitchell, Ian Mitchell | Jack Ahcan |
| Penalty Shots |
|---|
|
Tyler Pitlick, Jayson Megna, Jack Studnicka, Matthew Phillips, Max Sasson |
| Goalie |
|---|
| Louis Domingue, Jesper Wallstedt |
| Scratches |
|---|
|
Bogdan Trineyev (Healthy), Clark Bishop (Healthy), Ryan McAllister (Healthy), Ryder Rolston (Healthy), Joe Snively (Healthy)
Bryce McConnell-Barker (Healthy), Jorian Donovan (Healthy), Josh Filmon (Healthy), Luca Cagnoni (Healthy), Nathan Légaré (Healthy)
Owen Lindmark (Healthy), Ryan Ufko (Healthy), Simon Robertsson (Healthy), Alex Beaucage (Healthy), Blake McLaughlin (Healthy)
Troy Grosenick (Healthy) |
Play-by-Play
1st period
0:01 of 1st period - Nikolai Kovalenko wins face-off versus Fraser Minten in neutral zone.
0:26 of 1st period - Logan Mailloux is hit by Tyler Pitlick and loses puck.
0:49 of 1st period - Wrist shot by Max Sasson.
0:49 of 1st period - Stopped by Dustin Tokarski without a rebound.
0:50 of 1st period - Max Sasson wins face-off versus Jack Finley in Rocket zone.
0:51 of 1st period - Snap shot by Matthew Phillips.
0:51 of 1st period - Stopped by Dustin Tokarski with a rebound.
1:15 of 1st period - Christian Kyrou is hit by Fraser Minten and loses puck.
2:04 of 1st period - Jaycob Megna is hit by Logan Mailloux and loses puck.
2:40 of 1st period - Snap shot by Tyler Pitlick.
2:40 of 1st period - Shot Blocked by Samu Tuomaala.
3:18 of 1st period - Nikolai Kovalenko is hit by Jack Studnicka and loses puck.
3:40 of 1st period - Snap shot by Matthew Phillips.
3:40 of 1st period - Stopped by Dustin Tokarski with a rebound.
5:19 of 1st period - Nate Danielson is hit by Matvey Petrov and loses puck.
5:33 of 1st period - Icing by Cameron Hughes.
5:34 of 1st period - Nate Danielson wins face-off versus Jayson Megna in Rocket zone.
7:46 of 1st period - Nikolai Kovalenko is hit by Jayson Megna and loses puck.
8:36 of 1st period - Icing by Samu Tuomaala.
8:37 of 1st period - Nate Danielson wins face-off versus Max Sasson in Rocket zone.
9:14 of 1st period - Fraser Minten is hit by Jack Finley and loses puck.
10:09 of 1st period - Matvey Petrov is hit by Jeremie Poirier and loses puck.
11:19 of 1st period - Icing by Samu Tuomaala.
11:20 of 1st period - Jayson Megna wins face-off versus Nikolai Kovalenko in Rocket zone.
11:27 of 1st period - Jonathan Gruden is hit by Thomas Bordeleau and loses puck.
12:24 of 1st period - Snap shot by Jayson Megna.
12:24 of 1st period - Stopped by Dustin Tokarski with a rebound.
14:04 of 1st period - Matthew Phillips is hit by Sam Poulin and loses puck.
14:38 of 1st period - Icing by Spencer Stastney.
14:39 of 1st period - Jayson Megna wins face-off versus Nikolai Kovalenko in Monsters zone.
15:22 of 1st period - Thomas Bordeleau is hit by Matvey Petrov and loses puck.
15:30 of 1st period - Icing by Arshdeep Bains.
15:31 of 1st period - Nikolai Kovalenko wins face-off versus Jayson Megna in Rocket zone.
15:31 of 1st period - Nikolai Kovalenko is hit by Tyler Pitlick.
16:02 of 1st period - Jonathan Gruden is hit by Jack Finley and loses puck.
16:36 of 1st period - Slapshot by Tyler Pitlick.
16:36 of 1st period - Shot Misses the Net.
16:38 of 1st period - Slapshot by Jack Studnicka.
16:38 of 1st period - Stopped by Dustin Tokarski with a rebound.
16:40 of 1st period - Slapshot by William Lagesson.
16:40 of 1st period - Shot Blocked by Arshdeep Bains.
16:50 of 1st period - Snap shot by Nikolai Kovalenko.
16:50 of 1st period - Stopped by Louis Domingue without a rebound.
16:51 of 1st period - Nate Danielson wins face-off versus Jayson Megna in Monsters zone.
16:52 of 1st period - Snap shot by Nolan Foote.
16:52 of 1st period - Shot Misses the Net.
17:06 of 1st period - Snap shot by Jayson Megna.
17:06 of 1st period - Stopped by Dustin Tokarski without a rebound.
17:07 of 1st period - Fraser Minten wins face-off versus Nikolai Kovalenko in Rocket zone.
17:32 of 1st period - Jaycob Megna is hit by Nolan Foote and loses puck.
17:49 of 1st period - Max Sasson is hit by Jack Finley and loses puck.
18:26 of 1st period - Wrist shot by Jayson Megna.
18:26 of 1st period - Shot Hit the Post.
18:44 of 1st period - Wrist shot by Antonio Stranges.
18:44 of 1st period - Shot Misses the Net.
19:14 of 1st period - Jonathan Gruden is hit by Antonio Stranges and loses puck.
19:25 of 1st period - Thomas Bordeleau is hit by Gabriel Fortier and loses puck.
19:38 of 1st period - Matvey Petrov is hit by Nate Danielson and loses puck.
Goals for this period are 0 for Rocket vs 0 for Monsters.
Shots for this period are 1 for Rocket vs 6 for Monsters.
2nd period
0:01 of 2nd period - Tyler Pitlick wins face-off versus Arshdeep Bains in neutral zone.
0:05 of 2nd period - Wrist shot by Jack Studnicka.
0:05 of 2nd period - Shot Misses the Net.
0:07 of 2nd period - Wrist shot by Gabriel Fortier.
0:07 of 2nd period - Stopped by Dustin Tokarski without a rebound.
0:08 of 2nd period - Tyler Pitlick wins face-off versus Arshdeep Bains in Rocket zone.
0:09 of 2nd period - Wrist shot by Jack Studnicka.
0:09 of 2nd period - Stopped by Dustin Tokarski without a rebound.
0:10 of 2nd period - Arshdeep Bains wins face-off versus Tyler Pitlick in Rocket zone.
0:40 of 2nd period - Snap shot by Tyler Pitlick.
0:40 of 2nd period - Shot Blocked by Logan Mailloux.
0:42 of 2nd period - Wrist shot by Jack Studnicka.
0:42 of 2nd period - Stopped by Dustin Tokarski with a rebound.
0:44 of 2nd period - Slapshot by Tyler Pitlick.
0:44 of 2nd period - Stopped by Dustin Tokarski with a rebound.
0:46 of 2nd period - Slapshot by Jarred Tinordi.
0:46 of 2nd period - Stopped by Dustin Tokarski with a rebound.
0:50 of 2nd period - Snap shot by Tyler Pitlick.
0:50 of 2nd period - Deflect By Jack Studnicka.
0:50 of 2nd period - Shot Misses the Net.
0:50 of 2nd period - Puck is out of play.
0:51 of 2nd period - Max Sasson wins face-off versus Jack Finley in Rocket zone.
1:08 of 2nd period - Snap shot by Jayson Megna.
1:08 of 2nd period - Deflect By Cameron Hughes.
1:08 of 2nd period - Shot Misses the Net.
1:08 of 2nd period - Puck is out of play.
1:09 of 2nd period - Nate Danielson wins face-off versus Jayson Megna in Rocket zone.
1:16 of 2nd period - Wrist shot by Jonathan Gruden.
1:16 of 2nd period - Deflect By Jayson Megna.
1:16 of 2nd period - Shot Misses the Net.
1:16 of 2nd period - Puck is out of play.
1:17 of 2nd period - Arshdeep Bains wins face-off versus Fraser Minten in Rocket zone.
1:33 of 2nd period - Minor Penalty to Jarred Tinordi for Holding.
1:34 of 2nd period - Tyler Pitlick wins face-off versus Nate Danielson in Monsters zone.
1:34 of 2nd period - Tyler Pitlick is hit by Logan Mailloux.
3:33 of 2nd period - Penalty to Jarred Tinordi is over, Jarred Tinordi is back on ice.
3:44 of 2nd period - Slapshot by Jayson Megna.
3:44 of 2nd period - Shot Misses the Net.
3:52 of 2nd period - Snap shot by Jarred Tinordi.
3:52 of 2nd period - Shot Blocked by Kyle Capobianco.
3:54 of 2nd period - Wrist shot by Jonathan Gruden.
3:54 of 2nd period - Shot Misses the Net.
4:19 of 2nd period - Backhand shot by Jonathan Gruden.
4:19 of 2nd period - Deflect By Jarred Tinordi.
4:19 of 2nd period - Shot Misses the Net.
4:19 of 2nd period - Puck is out of play.
4:20 of 2nd period - Jack Finley wins face-off versus Fraser Minten in Rocket zone.
7:11 of 2nd period - Antonio Stranges is hit by Matthew Phillips and loses puck.
7:40 of 2nd period - Jack Finley is hit by Jonathan Gruden and loses puck.
11:41 of 2nd period - Jack Ahcan is hit by Nate Danielson.
12:49 of 2nd period - Icing by Sam Poulin.
12:50 of 2nd period - Gabriel Fortier wins face-off versus Jack Finley in Rocket zone.
12:51 of 2nd period - Wrist shot by Fraser Minten.
12:51 of 2nd period - Deflect By Jonathan Gruden.
12:51 of 2nd period - Stopped by Dustin Tokarski with a rebound.
12:57 of 2nd period - Wrist shot by Max Sasson.
12:57 of 2nd period - Shot Blocked by Tristan Luneau.
13:17 of 2nd period - Snap shot by Nate Danielson.
13:17 of 2nd period - Shot Blocked by Max Sasson.
13:25 of 2nd period - Logan Mailloux is hit by Jaycob Megna and loses puck.
13:36 of 2nd period - Matthew Phillips is hit by Arshdeep Bains and loses puck.
14:33 of 2nd period - Jonathan Gruden is hit by Antonio Stranges.
14:58 of 2nd period - Cameron Hughes is hit by Matthew Phillips and loses puck.
15:30 of 2nd period - Icing by Jaycob Megna.
15:31 of 2nd period - Cameron Hughes wins face-off versus Jayson Megna in Monsters zone.
15:32 of 2nd period - Slapshot by Nolan Foote.
15:32 of 2nd period - Stopped by Louis Domingue without a rebound.
15:33 of 2nd period - Nate Danielson wins face-off versus Jayson Megna in Monsters zone.
15:34 of 2nd period - Snap shot by Nolan Foote.
15:34 of 2nd period - Shot Misses the Net.
15:36 of 2nd period - Snap shot by Nate Danielson.
15:36 of 2nd period - Stopped by Louis Domingue without a rebound.
15:37 of 2nd period - Nate Danielson wins face-off versus Jayson Megna in Monsters zone.
15:42 of 2nd period - Slapshot by Nolan Foote.
15:42 of 2nd period - Deflect By Cameron Hughes.
15:42 of 2nd period - Shot Misses the Net.
15:42 of 2nd period - Puck is out of play.
15:43 of 2nd period - Fraser Minten wins face-off versus Arshdeep Bains in Monsters zone.
15:43 of 2nd period - Fraser Minten is hit by Nolan Foote.
16:13 of 2nd period - Snap shot by Jayson Megna.
16:13 of 2nd period - Stopped by Dustin Tokarski without a rebound.
16:14 of 2nd period - Nate Danielson wins face-off versus Jayson Megna in Rocket zone.
16:31 of 2nd period - Minor Penalty to Kyle Capobianco for Tripping.
16:32 of 2nd period - Thomas Bordeleau wins face-off versus Jack Studnicka in Rocket zone.
16:58 of 2nd period - Arshdeep Bains is hit by Jaycob Megna.
18:31 of 2nd period - Penalty to Kyle Capobianco is over, Kyle Capobianco is back on ice.
18:34 of 2nd period - Kyle Capobianco is hit by Matthew Phillips and loses puck.
19:11 of 2nd period - Nolan Foote is hit by Max Sasson and loses puck.
Goals for this period are 0 for Rocket vs 0 for Monsters.
Shots for this period are 2 for Rocket vs 7 for Monsters.
3rd period
0:01 of 3rd period - Arshdeep Bains wins face-off versus Fraser Minten in neutral zone.
0:04 of 3rd period - Slapshot by Tristan Luneau.
0:04 of 3rd period - Stopped by Louis Domingue with a rebound.
0:12 of 3rd period - Snap shot by Jack Studnicka.
0:12 of 3rd period - Shot Misses the Net.
0:14 of 3rd period - Slapshot by Jaycob Megna.
0:14 of 3rd period - Shot Blocked by Nolan Foote.
0:16 of 3rd period - Backhand shot by Jarred Tinordi.
0:16 of 3rd period - Shot Blocked by Logan Mailloux.
0:26 of 3rd period - Tyler Pitlick is hit by Jack Finley and loses puck.
0:51 of 3rd period - Snap shot by Max Sasson.
0:51 of 3rd period - Stopped by Dustin Tokarski with a rebound.
0:53 of 3rd period - Slapshot by Max Sasson.
0:53 of 3rd period - Stopped by Dustin Tokarski without a rebound.
0:54 of 3rd period - Fraser Minten wins face-off versus Nikolai Kovalenko in Rocket zone.
1:46 of 3rd period - Jack Finley is hit by Matvey Petrov and loses puck.
2:53 of 3rd period - Jarred Tinordi is hit by Tristan Luneau and loses puck.
3:32 of 3rd period - Max Sasson is hit by Samu Tuomaala and loses puck.
4:47 of 3rd period - Ian Mitchell is hit by Christian Kyrou and loses puck.
6:31 of 3rd period - Minor Penalty to Kevin Gravel for Hooking.
6:32 of 3rd period - Nate Danielson wins face-off versus Gabriel Fortier in Monsters zone.
6:33 of 3rd period - Snap shot by Thomas Bordeleau.
6:33 of 3rd period - Shot Misses the Net.
6:37 of 3rd period - Wrist shot by Thomas Bordeleau.
6:37 of 3rd period - Shot Blocked by Jaycob Megna.
6:39 of 3rd period - Wrist shot by Thomas Bordeleau.
6:39 of 3rd period - Deflect By Nate Danielson.
6:39 of 3rd period - Stopped by Louis Domingue without a rebound.
6:40 of 3rd period - Nate Danielson wins face-off versus Tyler Pitlick in Monsters zone.
6:49 of 3rd period - Wrist shot by Nate Danielson.
6:49 of 3rd period - Shot Misses the Net.
6:51 of 3rd period - Wrist shot by Jack Finley.
6:51 of 3rd period - Shot Misses the Net.
6:53 of 3rd period - Slapshot by Jack Finley.
6:53 of 3rd period - Shot Misses the Net.
6:55 of 3rd period - Wrist shot by Nate Danielson.
6:55 of 3rd period - Stopped by Louis Domingue with a rebound.
7:44 of 3rd period - Snap shot by Matvey Petrov.
7:44 of 3rd period - Stopped by Dustin Tokarski with a rebound.
7:46 of 3rd period - Snap shot by Max Sasson.
7:46 of 3rd period - Goal by Max Sasson - Rocket : 0 - Monsters : 1.
7:47 of 3rd period - Thomas Bordeleau wins face-off versus Tyler Pitlick in neutral zone.
8:31 of 3rd period - Penalty to Kevin Gravel is over, Kevin Gravel is back on ice.
17:08 of 3rd period - Jonathan Gruden is hit by Sam Poulin and loses puck.
17:15 of 3rd period - Antonio Stranges is hit by Tyler Pitlick.
18:52 of 3rd period - Jayson Megna is hit by Nolan Foote and loses puck.
19:01 of 3rd period - Jayson Megna is hit by Nate Danielson and loses puck.
19:04 of 3rd period - Rocket, Dustin Tokarski is pulled from the net.
19:08 of 3rd period - Snap shot by Nolan Foote.
19:08 of 3rd period - Stopped by Louis Domingue with a rebound.
19:10 of 3rd period - Wrist shot by Nate Danielson.
19:10 of 3rd period - Stopped by Louis Domingue without a rebound.
19:11 of 3rd period - Andre Tourigny call a timeout for Rocket.
19:11 of 3rd period - Nate Danielson wins face-off versus Tyler Pitlick in Monsters zone.
19:26 of 3rd period - Wrist shot by Nate Danielson.
19:26 of 3rd period - Goal by Nate Danielson - Rocket : 1 - Monsters : 1.
19:26 of 3rd period - Dustin Tokarski from Rocket was sent back in the game.
19:27 of 3rd period - Arshdeep Bains wins face-off versus Jayson Megna in neutral zone.
19:39 of 3rd period - Slapshot by Tristan Luneau.
19:39 of 3rd period - Stopped by Louis Domingue with a rebound.
19:48 of 3rd period - Icing by Nolan Foote.
19:49 of 3rd period - Nolan Foote wins face-off versus Jayson Megna in Rocket zone.
19:54 of 3rd period - Snap shot by Thomas Bordeleau.
19:54 of 3rd period - Stopped by Louis Domingue without a rebound.
19:55 of 3rd period - Nikolai Kovalenko wins face-off versus Jayson Megna in Monsters zone.
19:58 of 3rd period - Snap shot by Thomas Bordeleau.
19:58 of 3rd period - Stopped by Louis Domingue with a rebound.
Goals for this period are 1 for Rocket vs 1 for Monsters.
Shots for this period are 9 for Rocket vs 4 for Monsters.
Overtime #1
0:01 of 1st overtime period - Max Sasson wins face-off versus Cameron Hughes in neutral zone.
0:04 of 1st overtime period - Slapshot by Matvey Petrov.
0:04 of 1st overtime period - Goal by Matvey Petrov - Rocket : 1 - Monsters : 2.
Goals for this period are 0 for Rocket vs 1 for Monsters.
Shots for this period are 0 for Rocket vs 1 for Monsters.